 Dungeon Crawl Stone Soup version 0.20-a0 (webtiles) character file.

541 Capuchin the Skirmisher (level 7, 0/55 HPs)
             Began as a Demonspawn Fighter on Oct 27, 2016.
             Was a Follower of Okawaru.
             Slain by an ogre
             ... wielding a +0 giant club
              (6 damage)
             ... on level 4 of the Dungeon.
             The game lasted 00:08:04 (3905 turns).

Capuchin the Skirmisher (Demonspawn Fighter)        Turns: 3905, Time: 00:08:05

Health: 0/55       AC: 17    Str: 18    XL:     7   Next: 5%
Magic:  7/7        EV:  3    Int:  9    God:    Okawaru [*.....]
Gold:   175        SH:  9    Dex: 13    Spells: 0 memorised, 6 levels left

rFire  . . .     SeeInvis .     a - +0 long sword
rCold  + . .     Gourm    .     t - +0 plate armour
rNeg   . . .     Faith    +     c - +0 shield
rPois  .         Spirit   .     (no helmet)
rElec  .         Reflect  .     j - +0 cloak
rCorr  .         Harm     .     (no gloves)
MR     .....                    (no boots)
Stlth  ..........               e - amulet of faith
                                (no ring)
                                (no ring)

@: no status effects
A: talons 2, iridescent scales 2, cold resistance 1
a: Heroism, Renounce Religion


You were on level 4 of the Dungeon.
You worshipped Okawaru.
Okawaru was aware of your devotion.
You were hungry.

You visited 2 branches of the dungeon, and saw 5 of its levels.

You collected 175 gold pieces.

Inventory:

Hand Weapons
 a - a +0 long sword (weapon)
 i - a +0 scimitar
Armour
 b - a +0 scale mail
 c - a +0 shield (worn)
 j - a +0 cloak (worn)
 t - a +0 plate armour (worn)
Jewellery
 e - an amulet of faith (around neck)
 n - an uncursed ring of protection from fire {unknown}
 s - an uncursed ring of fire {unknown}
Scrolls
 h - 5 scrolls of identify
 l - 2 scrolls of remove curse {unknown}
 o - a scroll of teleportation {unknown}
 p - a scroll of fear {unknown}
 u - a scroll of fog {unknown}
Potions
 m - a potion of resistance {unknown}
 q - a potion of magic {unknown}
 r - a potion of lignification {unknown}
 v - a potion of ambrosia {unknown}
Comestibles
 d - a meat ration
 f - a bread ration
 g - 4 beef jerkies
 k - 5 fruits


   Skills:
 + Level 4.6 Fighting
 + Level 3.6 Long Blades
 + Level 4.5 Armour
 + Level 4.2 Shields


You had 6 spell levels left.
You didn't know any spells.

Dungeon Overview and Level Annotations

Branches:
Dungeon (4/15)             Temple (1/1) D:4

Altars:
Cheibriados
Dithmenos
Gozag
Hepliaklqana
Kikubaaqudgha
Nemelex Xobeh
Okawaru
Qazlal
Ru
Sif Muna
Vehumet
Xom
The Shining One


Innate Abilities, Weirdness & Mutations

You have razor-sharp toenails.
You are mostly covered in iridescent scales. (AC +4)
Your flesh is cold resistant. (rC+)


Message History

You hit the ogre. You claw the ogre, but do no damage.
The ogre is lightly wounded.
The ogre hits you with a giant club!! The ogre hits you but does no damage.
Your plate armour prevents you from hitting the ogre.
You claw the ogre.
The ogre is lightly wounded.
You block the ogre's attack.
Your plate armour prevents you from hitting the ogre.
The ogre hits you with a giant club!
Your shield and plate armour prevent you from hitting the ogre.
Your kick misses the ogre. The ogre hits you with a giant club!
* * * LOW HITPOINT WARNING * * *
You hit the ogre. You claw the ogre, but do no damage.
The ogre is moderately wounded.
The ogre barely misses you.
You slash the ogre! You claw the ogre.
The ogre is heavily wounded.
The ogre hits you with a giant club.
You die...

########.##.#......
#.#.#
.........#.........
#.#.#
............#......
#.#.#
#######............
#.#.# #.###.#######
#.#.# #.#....$.....
#.#.# #.#o#........
#.#.#
#.#O###########.#.#
#.#@###.........#†#
#.#...........###.#
+#...........###.##
.............#..>..
............#.....
...#.<........#.....
....................
...###.....####.....
...........# #.....


You could see an ogre and an orc.

Vanquished Creatures
  An ogre (D:4)
  A hound (D:3)
  2 orc priests (D:4)
  A centaur skeleton (D:4)
  3 orc wizards
  Ijyb (D:3)
  2 bullfrog skeletons (D:4)
  A hound skeleton (D:4)
  5 adders
  An adder skeleton (D:4)
  4 worms
  A dart slug (D:1)
  A leopard gecko (D:2)
  7 orcs
  3 ball pythons
  10 bats
  3 giant cockroaches
  13 goblins
  12 hobgoblins
  3 jackals (D:2)
  A quokka (D:2)
  5 frilled lizards
  7 kobolds
  2 leopard gecko skeletons (D:4)
  8 rats
98 creatures vanquished.

Notes
Turn   | Place    | Note
-------+----------+-------------------------------------------
     0 | D:1      | Capuchin the Demonspawn Fighter began the quest for the Orb.
     0 | D:1      | Reached XP level 1. HP: 18/18 MP: 1/1
   645 | D:1      | Gained mutation: You are partially covered in iridescent scales. (AC +2) [demonic ancestry]
   645 | D:1      | Reached XP level 2. HP: 24/24 MP: 2/2
  1188 | D:2      | Gained mutation: You are mostly covered in iridescent scales. (AC +4) [demonic ancestry]
  1188 | D:2      | Reached XP level 3. HP: 25/29 MP: 3/3
  1291 | D:2      | Found an ancient bone altar of Kikubaaqudgha.
  1479 | D:2      | Found a sacrificial altar of Ru.
  1499 | D:2      | Reached XP level 4. HP: 34/35 MP: 4/4
  2249 | D:3      | Noticed Ijyb
  2267 | D:3      | Killed Ijyb
  2267 | D:3      | Gained mutation: Your flesh is cold resistant. (rC+) [demonic ancestry]
  2267 | D:3      | Reached XP level 5. HP: 37/42 MP: 5/5
  2462 | D:3      | HP: 2/42 [something (2)]
  2477 | D:3      | HP: 2/42 [orc (1)]
  3088 | D:3      | Gained mutation: You have sharp toenails. [demonic ancestry]
  3088 | D:3      | Reached XP level 6. HP: 35/48 MP: 6/6
  3355 | D:4      | Found a staircase to the Ecumenical Temple.
  3364 | Temple   | Entered the Ecumenical Temple
  3409 | Temple   | Became a worshipper of Warmaster Okawaru
  3751 | D:4      | Reached * piety under Okawaru
  3866 | D:4      | Gained mutation: You have razor-sharp toenails. [demonic ancestry]
  3866 | D:4      | Reached XP level 7. HP: 42/55 MP: 7/7
  3905 | D:4      | Slain by an ogre

Vault maps used:
D:1:      mrwooster_arrival_statue_2
D:2:      nicolae_overflow_crystal_walls, nicolae_ru_great_annihilating_truth
D:3:      uniq_iyjb
D:4:      grunt_qazlal_sundering
Temple:   minmay_temple_bridge_abc

Skill      XL: |  1  2  3  4  5  6 |
---------------+-------------------+-----
Long Blades    | 2 3 |  3.6
Shields        | 3 4 |  4.2
Armour         | 3 4 |  4.5
Fighting       | 4 |  4.6

Action                   |  1- 3 |  4- 6 |  7- 9 || total
-------------------------+-------+-------+-------++-------
Melee: Long sword        |   145 |   332 |     8 ||   485
       Kick              |       |    24 |     5 ||    29
  Use: Scroll            |     1 |       |       ||     1
       Potion            |       |     1 |       ||     1
 Stab: Paralysed         |       |     1 |       ||     1
  Eat: Chunk             |     2 |     8 |       ||    10
Armor: Scale mail        |    78 |   153 |       ||   231
       Plate armour      |       |    46 |     1 ||    47
Dodge: Dodged            |    42 |    74 |     2 ||   118
Block: Shield            |    67 |   138 |     3 ||   208
       Rpst.: Long sword |     9 |    22 |       ||    31
